 Dungeon Crawl Stone Soup version 0.25-a0-1007-g10a8c3caa8 (webtiles) character file.

Game seed: 9198158919940166839, levelgen mode: deterministic

3467 Lanoc the Cruncher (level 10, 0/79 HPs)
             Began as a Formicid Fighter on May 11, 2020.
             Was a Believer of Wu Jian.
             Slain by a troll (6 damage)
             ... on level 9 of the Dungeon.
             The game lasted 00:12:49 (8904 turns).

Lanoc the Cruncher (Formicid Fighter)               Turns: 8904, Time: 00:12:50

Health: 0/79       AC: 13    Str: 21    XL:     10   Next: 27%
Magic:  19/19      EV:  8    Int:  8    God:    Wu Jian [**....]
Gold:   486        SH: 11    Dex: 13    Spells: 9/9 levels left

rFire    . . .     SeeInvis +   a - +0 quarterstaff
rCold    . . .     Gourm    .   c - +0 kite shield
rNeg     . . .     Faith    .   q - +0 plate armour
rPois    .         Spirit   .   (helmet unavailable)
rElec    .         Reflect  .   l - scarf {cloud immunity}
rCorr    .         Harm     .   (no gloves)
MR       +....                  (no boots)
Stlth    ..........             L - amulet of the acrobat
HPRegen  0.23/turn              K - ring of magical power
MPRegen  0.16/turn              (no ring)

@: mighty
A: permanent stasis, dig shafts and tunnels, four strong arms, antennae 3
a: Dig, Shaft Self, Wall Jump, Renounce Religion


You were on level 9 of the Dungeon.
You worshipped Wu Jian.
Wu Jian was pleased with you.
You were hungry.

You visited 2 branches of the dungeon, and saw 10 of its levels.
You also visited: Ossuary.

You collected 486 gold pieces.

Inventory:

Hand Weapons
 a - a +0 quarterstaff (weapon)
Missiles
 b - 79 sling bullets
 k - 89 stones (quivered)
 r - 66 poisoned darts
 O - 2 atropa-tipped darts
Armour
 c - a +0 kite shield (worn)
 l - a scarf of cloud immunity (worn)
 q - a +0 plate armour (worn)
Jewellery
 K - a ring of magical power (left hand)
 L - an amulet of the acrobat (around neck)
Wands
 G - a wand of polymorph (5)
 H - a wand of disintegration (11)
Scrolls
 e - 2 scrolls of fear {unknown}
 g - 3 scrolls of teleportation
 h - a scroll of blinking {unknown}
 i - 2 scrolls of magic mapping
 m - 5 scrolls of remove curse {unknown}
 o - 10 scrolls of identify {unknown}
 s - a scroll of enchant weapon {unknown}
 t - 3 scrolls of amnesia {unknown}
 x - 2 scrolls of noise {unknown}
 y - a scroll of torment {unknown}
 z - a scroll of vulnerability {unknown}
 C - 3 scrolls of immolation {unknown}
 D - 2 scrolls of random uselessness {unknown}
 I - 3 scrolls of enchant armour {unknown}
Potions
 d - 2 potions of might
 j - 3 potions of stabbing {unknown}
 n - 8 potions of heal wounds {unknown}
 p - a potion of haste {unknown}
 u - a potion of resistance {unknown}
 v - 8 potions of curing
 w - 4 potions of degeneration {unknown}
 A - a potion of brilliance {unknown}
 B - 2 potions of lignification {unknown}
 E - 2 potions of flight {unknown}
 F - a potion of magic {unknown}
 J - 2 potions of cancellation {unknown}
 M - a potion of mutation {unknown}
Comestibles
 f - 11 rations


   Skills:
 + Level 7.0 Fighting
 * Level 8.5 Staves
 + Level 7.1 Armour
 + Level 5.0 Dodging
 + Level 7.7 Shields


You had 9 spell levels left.
You didn't know any spells.
Your spell library contained the following spells:

 Spells                   Type           Power        Failure   Level  Hunger
 Foxfire                  Conj/Fire      #...         100%        1    ##.....
 Freeze                   Ice            #...         100%        1    ##.....
 Conjure Flame            Conj/Fire      #.......     100%        3    ####...
 Frozen Ramparts          Ice            #.....       100%        3    ####...
 Inner Flame              Hex/Fire       #.......     100%        3    ####...
 Ozocubu's Armour         Chrm/Ice       #.......     100%        3    ####...
 Hailstorm                Conj/Ice       #.......     100%        4    #####..
 Sticky Flame             Conj/Fire      #.......     100%        4    #####..
 Summon Ice Beast         Ice/Summ       #.......     100%        4    #####..
 Fireball                 Conj/Fire      #.........   100%        5    ######.


Dungeon Overview and Level Annotations

Branches:
Dungeon (9/15)             Temple (1/1) D:5             Orc (0/2) D:9
Ossuary (visited)
   Lair: D:8-11

Altars:
Ashenzari
Cheibriados
Dithmenos
Elyvilon
Fedhas
Gozag
Hepliaklqana
Kikubaaqudgha
Makhleb
Nemelex Xobeh
Okawaru
Qazlal
Ru
Sif Muna
Trog
Uskayaw
Vehumet
Wu Jian
Xom
Yredelemnul
Zin
The Shining One

Annotations:
D:4 3 runed translucent doors, Flugslaktarn's ghost, amateur MiFi


Innate Abilities, Weirdness & Mutations

You cannot be hasted, slowed, berserked, paralysed or teleported.
You can dig through walls and to a lower floor.
Your four strong arms can wield two-handed weapons with a shield.
You have a pair of large antennae on your head. (SInv)


Message History

The troll claws you.
You hit the troll but do no damage.
The troll is heavily wounded.
The troll bites you but does no damage. The troll claws you.
* * * LOW HITPOINT WARNING * * *
The troll claws you!
* * * LOW HITPOINT WARNING * * *
You feel very mighty all of a sudden.
You block the troll's attack. x2; The troll claws you but does no damage.
You sock the troll!
The troll is almost dead.
The troll bites you.
* * * LOW HITPOINT WARNING * * *
The troll claws you.
* * * LOW HITPOINT WARNING * * *
The troll claws you but does no damage.
You closely miss the troll.
The troll is almost dead.
The troll barely misses you. The troll closely misses you. The troll claws you.
You die...

#. #.#######
#..'....'..... <
#.......#.#####^..†######
#. ##......#.#
#...))..... #.<....#.#
#....######
##.....#.########.#
#.....#....... #.#
#.....#....... #.######
##.....#T...... #......#
+......@....... ######.#
####..##....... #.#
...... ....... ####.#
#####.. ....... #....#
#..#..##### ##.##.#
##.#..# #...... ....#
#.....# ..# ##.._..#
#....(.#


You could see a troll.

Vanquished Creatures
  Erica (D:8)
  An ice beast (D:6)
  4 orc warriors
  A sky beast (D:8)
  An ogre (D:4)
  A phantom (D:9)
  A necrophage (D:9)
  A centaur (D:6)
  4 bullfrogs
  A wyvern zombie (D:6)
  A wyvern skeleton (D:9)
  3 scorpions
  3 wights (D:6)
  A howler monkey (D:6)
  2 crimson imps
  A centaur zombie (Ossuary)
  A bullfrog zombie (D:5)
  2 human zombies (Ossuary)
  A bullfrog skeleton (D:9)
  3 hounds
  7 orc wizards
  4 orc priests
  3 iguanas
  6 worker ants
  A big kobold zombie (Ossuary)
  4 mummies (Ossuary)
  A howler monkey zombie (D:8)
  12 adders
  4 gnolls (D:5)
  3 shadow imps
  An ooze (D:2)
  An adder zombie (D:9)
  A worm (D:2)
  A dart slug (D:3)
  4 leopard geckos
  27 orcs
  4 bats
  6 giant cockroaches
  4 goblins
  8 hobgoblins
  10 jackals
  6 quokkas
  5 ball pythons
  6 frilled lizards
  2 gnoll zombies (Ossuary)
  2 hobgoblin zombies (Ossuary)
  A jackal skeleton (D:5)
  9 kobolds
  7 rats
184 creatures vanquished.

Notes
Turn   | Place    | Note
-------+----------+-------------------------------------------
     0 | D:1      | Lanoc the Formicid Fighter began the quest for the Orb.
     0 | D:1      | Reached XP level 1. HP: 18/18 MP: 1/1
    96 | D:1      | Reached XP level 2. HP: 21/24 MP: 2/2
   557 | D:2      | Reached XP level 3. HP: 29/29 MP: 3/3
   762 | D:3      | Reached skill level 1 in Dodging
   762 | D:3      | Reached XP level 4. HP: 35/36 MP: 4/4
   962 | D:3      | Reached skill level 3 in Staves
  1546 | D:3      | Reached XP level 5. HP: 38/42 MP: 5/5
  2175 | D:4      | Found a sand-covered staircase.
  2180 | Ossuary  | Entered an ossuary
  2262 | Ossuary  | Reached XP level 6. HP: 30/48 MP: 6/6
  2431 | Ossuary  | Reached skill level 4 in Staves
  2920 | D:4      | Reached XP level 7. HP: 52/55 MP: 7/7
  3389 | D:4      | Reached skill level 5 in Shields
  3486 | D:4      | Found a shimmering altar of Xom.
  3581 | D:4      | Noticed Flugslaktarn's ghost (amateur MiFi)
  3583 | D:4      | Found a runed translucent gate.
  3583 | D:4      | Found a runed translucent gate.
  3583 | D:4      | Found a runed translucent gate.
  3633 | D:5      | Entered Level 5 of the Dungeon
  3703 | D:5      | Reached skill level 5 in Staves
  4098 | D:5      | Reached XP level 8. HP: 61/61 MP: 8/8
  4175 | D:5      | Reached skill level 5 in Armour
  4518 | D:5      | Reached skill level 5 in Fighting
  4576 | D:5      | Found a staircase to the Ecumenical Temple.
  4581 | Temple   | Entered the Ecumenical Temple
  4645 | Temple   | Became a worshipper of the Wu Jian Council
  5268 | D:6      | Reached skill level 6 in Staves
  5583 | D:6      | Reached XP level 9. HP: 31/68 MP: 9/9
  6631 | D:7      | Reached * piety under Wu Jian
  6855 | D:7      | Noticed a white ugly thing
  7087 | D:8      | Reached skill level 7 in Staves
  7362 | D:8      | Noticed Erica
  7396 | D:8      | Killed Erica
  7407 | D:8      | Reached XP level 10. HP: 39/77 MP: 10/10
  7664 | D:8      | Reached skill level 8 in Staves
  8254 | D:8      | Reached ** piety under Wu Jian
  8482 | D:9      | Found a bloodstained altar of Trog.
  8679 | D:9      | Reached skill level 5 in Dodging
  8871 | D:9      | Found a staircase to the Orcish Mines.
  8904 | D:9      | Slain by a troll

Illustrated notes

Levels and vault maps discovered:
D:1:      dpeg_arrival_tiny_a, layout_loops_ring, nrook_mini_backslash,
          minmay_misc_feat_chi, chequers_serial_rivers_small_a
D:2:      layout_loops_ring, first_ration, grunt_decor_clamped, uniq_sigmund,
          uniq_robin
D:3:      layout_loops_ring
D:4:      layout_basic, lemuel_doored_altar, enter_ossuary_5,
          gammafunk_ghost_nasty_kobolds, wad_orctagon
D:5:      layout_basic, minmay_temple_entry_statues_pillars,
          kennysheep_small_square
D:6:      layout_basic
D:7:      layout_basic, minmay_bent
D:8:      layout_basic, uniq_erica
D:9:      layout_basic, basic_altar
Temple:   nicolae_temple_the_god_donut

Skill      XL: |  1  2  3  4  5  6  7  8  9 10 |
---------------+-------------------------------+-----
Dodging        | 1 2 3 4 5 |  5.0
Shields        | 4 5 6 7 |  7.7
Staves         | 3 4 5 6 7 8 |  8.5
Armour         | 4 5 6 7 |  7.1
Fighting       | 4 5 6 7 |  7.0

Action                   |  1- 3 |  4- 6 |  7- 9 | 10-12 || total
-------------------------+-------+-------+-------+-------++-------
Melee: Quarterstaff      |   103 |   278 |   423 |   133 ||   937
Invok: Lunge             |       |       |    13 |     3 ||    16
       Whirlwind         |       |       |       |     1 ||     1
  Use: Scroll            |       |     2 |       |       ||     2
       Potion            |       |       |     1 |     1 ||     2
  Eat: Chunk             |       |     7 |    15 |     4 ||    26
Armor: Scale mail        |    37 |    21 |       |       ||    58
       Plate armour      |       |    85 |   133 |    25 ||   243
Dodge: Dodged            |    43 |    41 |    86 |    40 ||   210
Block: Kite shield       |    45 |   125 |   193 |    52 ||   415

Table legend:
 A = Non-vault XP
 B = Vault XP
 C = Vault XP percentage of total XP
 D = Non-vault monster count
 E = Vault monster count
 F = Vault count percentage of total count
                 A         B        C        D         E       F
            +---------+---------+-------+---------+---------+-------
      Total |    3725 |    1229 |  24.8 |     163 |      21 |  11.4
            +---------+---------+-------+---------+---------+-------
        D:1 |      16 |       0 |   0.0 |       9 |       0 |   0.0
        D:2 |      40 |       0 |   0.0 |      20 |       0 |   0.0
        D:3 |     127 |       0 |   0.0 |      37 |       0 |   0.0
        D:4 |     423 |      12 |   2.8 |      14 |       4 |  22.2
        D:5 |     352 |      48 |  12.0 |      15 |       3 |  16.7
        D:6 |     980 |       0 |   0.0 |      21 |       0 |   0.0
        D:7 |     201 |      42 |  17.3 |      11 |       1 |   8.3
        D:8 |     986 |     886 |  47.3 |      24 |       1 |   4.0
        D:9 |     600 |       0 |   0.0 |      12 |       0 |   0.0
    Ossuary |       0 |     241 | 100.0 |       0 |      12 | 100.0
            +---------+---------+-------+---------+---------+-------
